 Dungeon Crawl Stone Soup version 0.27-a0-1555-g0e7b3fb1d2 (webtiles) character file.

Game seed: 4118815066361485580

2570 Spaninq the Tainter (level 9, -17/62 HPs)
             Began as a Grey Draconian Venom Mage on July 14, 2021.
             Was a Believer of Vehumet.
             Killed by the air
             ... invoked by Gastronok
              (31 damage)
             ... on level 8 of the Dungeon.
             The game lasted 00:34:27 (8874 turns).

Spaninq the Tainter (Grey Draconian Venom Mage)     Turns: 8874, Time: 00:34:27

Health: -17/62     AC: 14    Str: 11    XL:     9   Next: 32%
Magic:  1/17       EV: 16    Int: 19    God:    Vehumet [**....]
Gold:   1021       SH:  4    Dex: 11    Spells: 8/19 levels left

rFire    . . .     SeeInvis .   b - +1 dagger (venom)
rCold    . . .     Faith    .   j - +0 buckler {rN+}
rNeg     + . .     Spirit   .   (armour unavailable)
rPois    .         Reflect  .   (helmet restricted)
rElec    .         Harm     .   l - +0 cloak
rCorr    .         Rampage  .   (no gloves)
Will     .....                  p - +0 pair of boots
Stlth    ++........             y - amulet of the acrobat
HPRegen  0.20/turn              w - +4 ring of evasion
MPRegen  0.15/turn              t - +4 ring of slaying

@: no status effects
A: AC +12, amphibious, unfitting armour, cold-blooded
a: Renounce Religion


You were on level 8 of the Dungeon.
You worshipped Vehumet.
Vehumet was pleased with you.
You visited 1 branch of the dungeon, and saw 8 of its levels.

You collected 1021 gold pieces.

Inventory:

Hand Weapons
 b - a +1 dagger of venom (weapon)
Missiles
 z - a curare-tipped dart
Armour
 j - a +0 buckler of positive energy (worn)
 l - a +0 cloak (worn)
 p - a +0 pair of boots (worn)
Jewellery
 a - a ring of fire
 m - a ring of see invisible
 t - a +4 ring of slaying (right hand)
 w - a +4 ring of evasion (left hand)
 y - an amulet of the acrobat (around neck)
Wands
 q - a wand of flame (38)
 v - a wand of iceblast (8)
 A - a wand of polymorph (8)
Scrolls
 e - 3 scrolls of teleportation
 k - 3 scrolls of enchant weapon
 n - a scroll of amnesia {unknown}
 r - 2 scrolls of magic mapping
 u - a scroll of identify
 x - a scroll of blinking {unknown}
 B - a scroll of fear {unknown}
Potions
 c - 5 potions of lignification {unknown}
 d - 2 potions of magic
 f - 2 potions of degeneration {unknown}
 g - 4 potions of curing
 h - 2 potions of brilliance {unknown}
 i - 4 potions of flight {unknown}
 o - 3 potions of heal wounds {unknown}
 s - a potion of mutation {unknown}


   Skills:
 - Level 1.7 Dodging
 - Level 1.7 Stealth
 + Level 3.9 Shields
 + Level 5.6 Spellcasting
 + Level 4.7 Conjurations
 - Level 3.0 Transmutations
 - Level 2.0 Air Magic
 * Level 8.8 Poison Magic


You had 8 spell levels left.
You knew the following spells:

 Your Spells              Type           Power      Damage    Failure   Level
a - Sting                 Tmut/Pois      100%       1d8       1%          1
b - Mephitic Cloud        Conj/Pois/Air  25%        N/A       4%          3
c - Shock                 Conj/Air       72%        1d7       3%          1
d - Olgreb's Toxic Radia  Pois           39%        N/A       3%          4
e - Searing Ray           Conj           46%        3d4       2%          2

Your spell library contained the following spells:

 Spells                   Type           Power      Damage    Failure   Level
 Poisonous Vapours        Pois/Air       52%        N/A       1%          2
 Passwall                 Tmut/Erth      9%         N/A       10%         2
 Swiftness                Air            13%        N/A       16%         3
 Blink                    Tloc           N/A        N/A       19%         2
 Gell's Gravitas          Tloc           2%         N/A       34%         3
 Lesser Beckoning         Tloc           2%         N/A       34%         3
 Teleport Other           Tloc           5%         N/A       34%         3
 Manifold Assault         Tloc           5%         N/A       97%         5
 Dispersal                Tloc           2%         N/A       100%        6
 Invisibility             Hex            2%         N/A       100%        6


Dungeon Overview and Level Annotations

Branches:
Dungeon (8/15)             Temple (0/1) D:7
   Lair: D:8-11

Altars:
Cheibriados
Hepliaklqana
Makhleb
Okawaru
Vehumet
Wu Jian
Xom
Zin

Shops:
D:5 ?   D:6 =

Annotations:
D:8 Gastronok


Innate Abilities, Weirdness & Mutations

Your dull iron-grey scales are very hard. (AC +12)
You are amphibious.
You cannot fit into any form of body armour.
You are cold-blooded and may be slowed by cold attacks.


Message History

The sting hits Gastronok!
Gastronok looks as sick as possible!
Gastronok is lightly wounded.
The hornet is engulfed in noxious fumes.
The hornet appears confused.
The hornet stings Gastronok!
Gastronok looks as sick as possible!
Gastronok suddenly stops moving!
Gastronok is no longer moving slowly.
The hornet is engulfed in noxious fumes.
The hornet appears confused.
Gastronok is no longer paralysed.
Gastronok glows a brilliant shade of cerise.
Casting: Sting (safe; 1% risk of failure)
Confirm with . or Enter, or press ? or * to list all spells.
Aiming: Mephitic Cloud (dangerous; 4% risk of failure)
Press: ? - help, Shift-Dir - straight line, f/p - Gastronok
Aim: Gastronok, wearing the +3 hat of Pondering {ponderous, Will+ MP+10 Int+5} (moderately wounded, extremely poisoned, chance to affect: 5%)
The ball explodes into a vile cloud!
The stinking cloud engulfs Gastronok but does no damage.
Gastronok is moderately wounded.
You hear an angry hiss.
Gastronok is engulfed in noxious fumes.
Gastronok waves his eye-stalks in wide circles.
The air twists around and strikes you!!
* * * LOW HITPOINT WARNING * * *
You hear an angry hiss.
You feel better.
Gastronok is engulfed in noxious fumes.
Gastronok makes a strange noise.
You hit Gastronok.
Gastronok looks as sick as possible!
Gastronok is heavily wounded.
You puncture Gastronok!
Gastronok looks as sick as possible!
Gastronok is heavily wounded.
Gastronok misses you.
You hit Gastronok.
Gastronok looks as sick as possible!
Gastronok is severely wounded.
You hit Gastronok but do no damage.
Gastronok looks as sick as possible!
Gastronok is severely wounded.
Gastronok waves his eye-stalks in wide circles.
The air twists around and strikes you!!
Ouch! That really hurt!
You die...

.# .# .# .# .##########
..
..........##########....
...................'....
................w#
..........######@#
..........'..# #.#
..........##.# #.#
..........##.# #.#
############.# #.# #.#
#.# #.# #.# #.# #.. #.#
###


You could see Gastronok (extremely poisoned).

Vanquished Creatures
  Joseph (D:8)
  A hornet (D:7)
  Sigmund (D:2)
  Edmund (D:4)
  A black bear (D:8)
  An ice beast (D:6)
  A sky beast (D:7)
  A necrophage (D:8)
  Blork the orc (D:4)
  2 kobold brigands
  3 bullfrogs
  A wyvern zombie (D:5)
  A water moccasin zombie (D:6)
  A water moccasin skeleton (D:5)
  4 wights (D:7)
  A centaur zombie (D:5)
  2 bullfrog zombies
  4 hounds
  2 orc priests
  A jelly (D:6)
  Jessica (D:2)
  2 orc wizards (D:4)
  Natasha (thrice) (D:2)
  Ijyb (D:4)
  4 gnolls
  A howler monkey skeleton (D:5)
  6 adders
  A white imp (D:5)
  2 ufetubi (D:4)
  4 worms
  A dart slug (D:3)
  11 orcs
  3 endoplasms
  2 giant cockroaches
  5 goblins
  6 hobgoblins
  4 jackals (D:3)
  8 kobolds
  A quokka (D:3)
  5 ball pythons
  6 bats
  5 frilled lizards
  3 rats
116 creatures vanquished.

Notes
Turn   | Place    | Note
-------+----------+-------------------------------------------
     0 | D:1      | Spaninq the Draconian Venom Mage began the quest for the
                  | Orb.
     0 | D:1      | Reached XP level 1. HP: 14/14 MP: 3/3
   359 | D:1      | Reached XP level 2. HP: 20/20 MP: 1/5
  1186 | D:2      | Noticed Jessica
  1193 | D:2      | Reached XP level 3. HP: 26/26 MP: 4/6
  1226 | D:2      | Noticed Natasha
  1231 | D:2      | Killed Natasha
  1460 | D:2      | Killed Jessica
  1461 | D:2      | Reached skill level 4 in Poison Magic
  1461 | D:2      | Reached XP level 4. HP: 33/33 MP: 4/7
  1765 | D:2      | Noticed Sigmund
  1863 | D:2      | Killed Sigmund
  1864 | D:2      | Reached skill level 5 in Poison Magic
  1864 | D:2      | Reached XP level 5. HP: 15/38 MP: 2/10
  1864 | D:2      | Reached XP level 6. HP: 18/45 MP: 2/11
  1868 | D:2      | Learned a level 3 spell: Mephitic Cloud
  2084 | D:2      | Noticed Natasha
  2090 | D:2      | Killed Natasha
  2360 | D:2      | Noticed Natasha
  2371 | D:2      | Killed Natasha
  2884 | D:3      | Found a radiant altar of Vehumet.
  2890 | D:3      | Became a worshipper of Vehumet
  3320 | D:3      | Found a faded altar of an unknown god.
  3579 | D:4      | Reached skill level 1 in Air Magic
  3872 | D:4      | Reached * piety under Vehumet
  3872 | D:4      | Offered knowledge of Shock by Vehumet.
  3873 | D:4      | Reached skill level 1 in Conjurations
  3875 | D:4      | Learned a level 1 spell: Shock
  4045 | D:4      | Found a snail-covered altar of Cheibriados.
  4106 | D:4      | Found a hazy altar of Hepliaklqana.
  4431 | D:4      | Noticed Ijyb
  4441 | D:4      | Noticed Blork the orc
  4810 | D:4      | Killed Blork the orc
  4811 | D:4      | Your scales start taking on a dull iron-grey colour.
  4811 | D:4      | Reached XP level 7. HP: 48/50 MP: 1/12
  5076 | D:4      | Noticed Edmund
  5085 | D:4      | Killed Ijyb
  5086 | D:4      | Reached skill level 6 in Poison Magic
  5097 | D:4      | Killed Edmund
  5777 | D:5      | Entered Level 5 of the Dungeon
  5823 | D:5      | Identified a scroll of acquirement
  5823 | D:5      | Acquired a +0 buckler of positive energy
  5992 | D:5      | Found an iron altar of Okawaru.
  6552 | D:5      | Found a glowing silver altar of Zin.
  6552 | D:5      | Noticed an angel
  6596 | D:5      | Found Guismuys's Magic Scroll Shoppe.
  6685 | D:5      | Reached skill level 1 in Shields
  6921 | D:6      | Reached XP level 8. HP: 47/57 MP: 14/14
  6928 | D:6      | Acquired 753 gold pieces
  7028 | D:6      | Reached skill level 7 in Poison Magic
  7054 | D:6      | Learned a level 4 spell: Olgreb's Toxic Radiance
  7130 | D:6      | Reached ** piety under Vehumet
  7428 | D:6      | Found Ahath's Jewellery Boutique.
  7756 | D:7      | Found a burning altar of Makhleb.
  7756 | D:7      | Noticed an Executioner
  7763 | D:7      | Offered knowledge of Searing Ray by Vehumet.
  7767 | D:7      | Learned a level 2 spell: Searing Ray
  7810 | D:7      | Noticed a hellwing
  7810 | D:7      | Noticed an orange demon
  7835 | D:7      | Found a staircase to the Ecumenical Temple.
  7911 | D:7      | Reached skill level 5 in Spellcasting
  7960 | D:7      | Noticed a hornet
  7977 | D:7      | Killed a hornet
  7978 | D:7      | Reached skill level 8 in Poison Magic
  8145 | D:7      | Reached XP level 9. HP: 62/62 MP: 13/16
  8180 | D:7      | Found an ornate altar of the Wu Jian Council.
  8262 | D:7      | Found a shimmering altar of Xom.
  8721 | D:8      | Noticed Joseph
  8757 | D:8      | Killed Joseph
  8849 | D:8      | Noticed Gastronok
  8874 | D:8      | Killed from afar by Gastronok

Illustrated notes

Levels and vault maps discovered:
D:1:      nzn_arrival_crosshair, layout_loops_ring
D:2:      layout_basic, serial_curves, eino_curves_01, eino_curves_02,
          hangedman_decor_opposing, uniq_jessica, uniq_sigmund, uniq_natasha
D:3:      layout_loops_cross, nicolae_vehumet_altar_sigil,
          dilly_ecumenical_altar_fadedgnrine, minmay_misc_feat_square
D:4:      layout_layer_cave, mainiacjoe_overflow_catwalk_spiral, uniq_ijyb,
          uniq_edmund, uniq_blork_the_orc
D:5:      layout_loops_ring, zin_angel, mainiacjoe_overflow_small_starburst,
          serial_shops, shop_statue
D:6:      layout_cave_pools, serial_shops, nicolae_shop_waterfront,
          small_statue_alley_b, minmay_misc_feat_five, corexii_corridor_pit
D:7:      layout_cave_pools, kennysheep_mini_moat, makhleb_altar_promises_db,
          lemuel_crystal_altar, minmay_temple_entry_antechambers,
          nrook_mini_backslash
D:8:      layout_basic, mainiacjoe_overflow_tiny_flanked, kennysheep_kite_vault,
          uniq_joseph, uniq_gastronok

Skill      XL: |  1  2  3  4  5  6  7  8 |
---------------+-------------------------+-----
Transmutations | 2 3 |  3.0
Poison Magic   | 4 5 6 8 |  8.8
Spellcasting   | 3 4 5 |  5.6
Air Magic      | 1 2 |  2.0
Conjurations   | 1 2 4 |  4.7
Shields        | 1 3 |  3.9
Dodging        | |  1.7
Stealth        | |  1.7

Action                   |  1- 3 |  4- 6 |  7- 9 || total
-------------------------+-------+-------+-------++-------
Melee: Dagger            |    14 |    20 |   120 ||   154
       Unarmed           |     1 |       |     5 ||     6
       Tailslap          |       |     2 |    15 ||    17
 Cast: Sting             |    31 |   139 |    63 ||   233
       Mephitic Cloud    |       |     3 |    10 ||    13
       Shock             |       |     1 |    77 ||    78
  Use: Scroll            |       |       |     9 ||     9
       Potion            |       |       |     1 ||     1
 Stab: Confused          |       |       |     3 ||     3
Armor: Skin              |     9 |    26 |    88 ||   123
Dodge: Dodged            |    19 |    58 |   127 ||   204
Block: Buckler           |       |       |     6 ||     6

Table legend: (Time is in decaauts)
 A = Elapsed time spent in this place.
 B = Non-inter-level travel time spent in this place.
 C = Inter-level travel time spent in this place.
 D = Time resting spent in this place.
 E = Time spent auto-exploring this place.
 F = Levels seen in this place.
 G = Mean time per level.
                   A        B        C        D        E       F      G
               +--------+--------+--------+--------+--------+-----+--------+
         Total |   8885 |   8551 |    334 |   1718 |   5299 |   8 | 1110.6 |
       Dungeon |   8885 |   8551 |    334 |   1718 |   5299 |   8 | 1110.6 |
               +--------+--------+--------+--------+--------+-----+--------+

Top non-repeatable levels by time:
     D:4: 1986 daAuts
     D:2: 1569 daAuts
     D:3: 1219 daAuts
     D:5: 1119 daAuts
     D:1: 1049 daAuts
     D:7: 791 daAuts
     D:6: 610 daAuts
     D:8: 540 daAuts
